Map: Daybreak LE (Void)

Players

Musumeci - Winner!

  • Race: Zerg Zerg
  • League: Diamond
  • Spawn Location: 7:00

And

  • Race: Zerg Zerg
  • League: Diamond
  • Spawn Location: 1:00

VOD

Have the link to the VOD?

Description

Time

  • Played on: Jan. 24, 2017, 3:59 p.m.
  • Length: 4:57
Show
View Real Time Build Order
Export as new Build Order

Musumeci Zerg - Winner!

Build Orders: Pool First, Zergling Baneling 

Get SALT Encoding   

  12  0:07  Drone  
  12  0:12  Overlord  
  13  0:22  Drone  
  13  0:25  Drone, Extractor  
  15  0:30  Drone  
  16  0:39  Drone  
  17  0:49  Spawning Pool  
  16  0:53  Drone  
  16  0:56  Extractor  
  16  1:01  Drone  
  17  1:21  Hatchery  
  16  1:34  Drone x3  
  19  1:44  Queen  
  21  1:59  Drone  
  22  2:07  Drone  
  22  2:09  Overlord  
  22  2:18  Metabolic Boost  
  22  2:26  Queen  
  22  2:27  Zergling x2  
  22  2:29  Zergling x2  
  26  2:37  Drone  
  26  2:40  Drone  
  28  2:48  Baneling Nest  
  28  2:49  Zergling x2  
  28  3:00  Zergling x10  
  33  3:09  Zergling x2  
  34  3:21  Zergling x4  
  34  3:23  Overlord  
  40  3:41  Zergling x16  
  44  3:49  Baneling  
  44  3:50  Baneling x2  
  44  4:11  Baneling x4  
  44  4:12  Baneling x2  
Show
View Real Time Build Order
Export as new Build Order

And Zerg 

Build Orders: Pool First 

Get SALT Encoding   

  12  0:01  Drone  
  13  0:08  Drone  
  14  0:21  Extractor x2  
  13  0:22  Overlord  
  13  0:25  Drone  
  15  0:40  Drone x2  
  17  0:48  Drone  
  18  0:54  Extractor  
  18  0:56  Drone  
  18  1:10  Drone  
  19  1:18  Drone  
  21  1:22  Spawning Pool  
  19  1:30  Drone  
  19  1:32  Hatchery  
  19  1:41  Drone  
  20  1:54  Drone  
  21  2:07  Overlord  
  21  2:12  Queen, Extractor  
  21  2:13  Extractor  
  23  2:26  Drone x2  
  25  2:36  Drone  
  26  2:48  Queen x2, Drone x2  
  32  2:56  Hatchery  
  31  3:00  Overlord  
  31  3:01  Overlord  
  31  3:09  Drone x2  
  33  3:18  Overlord  
  33  3:21  Drone x3  
  33  3:22  Drone  
  33  3:23  Extractor  
  33  3:24  Extractor  
  35  3:29  Queen  
  35  3:30  Drone  
  35  3:31  Drone  
  39  3:53  Drone x4  
  39  3:54  Drone x3  
Tags
 
Add a new tag
Caveats
  • Supply blocks, unpowered buildings, or Contaminate may cause inaccurate times.
  • Supply counts are checked every 10 seconds.